Map: Honorgrounds LE

Players

Guru

  • Race: Zerg Zerg
  • Spawn Location: 1:00

MaNa - Winner!

  • Race: Protoss Protoss
  • Spawn Location: 5:00

Event: IEM XI Katowice - World Championship 2017

VOD

Have the link to the VOD?

Description

Time

  • Played on: Feb. 28, 2017, 1:14 p.m.
  • Length: 13:32

All games in this series

Show
View Real Time Build Order
Export as new Build Order

Guru Zerg 

Build Orders: Pool First, Swarm Host 

Get SALT Encoding   

  12  0:01  Drone  
  13  0:13  Overlord  
  13  0:18  Drone  
  14  0:31  Drone x2  
  14  0:35  Drone  
  17  0:46  Spawning Pool  
  17  0:49  Drone  
  17  1:09  Hatchery  
  16  1:14  Extractor, Drone  
  16  1:19  Drone  
  17  1:33  Queen  
  17  1:34  Zergling x2  
  17  1:36  Zergling x2  
  21  1:43  Overlord  
  21  1:51  Drone  
  22  2:02  Drone  
  23  2:12  Queen  
  23  2:14  Drone  
  26  2:15  Metabolic Boost  
  26  2:22  Drone x2  
  28  2:32  Drone  
  29  2:40  Drone  
  29  2:43  Drone  
  29  2:44  Drone x3  
  33  2:48  Drone  
  35  3:01  Hatchery  
  33  3:08  Overlord  
  33  3:14  Drone x2  
  35  3:27  Overlord  
  35  3:28  Drone x3  
  35  3:29  Drone x2  
  35  3:31  Drone  
  35  3:32  Drone  
  42  3:35  Drone  
  42  3:41  Evolution Chamber  
  42  3:45  Lair  
  42  3:46  Roach Warren  
  42  3:47  Drone  
  42  3:49  Drone  
  42  3:56  Drone x4  
  42  3:58  Drone  
  42  4:00  Extractor  
  42  4:01  Extractor  
  42  4:02  Drone  
  46  4:06  Queen  
  48  4:11  Overlord  
  48  4:13  Drone  
  49  4:20  Zergling x8  
  49  4:23  Spore Crawler  
  52  4:25  Spore Crawler  
  52  4:28  Drone x3  
  54  4:31  Roach  
  54  4:32  Roach  
  54  4:35  Zerg Missile Weapons Level 1  
  54  4:38  Spore Crawler  
  57  4:41  Roach  
  57  4:42  Roach  
  63  4:45  Roach  
  63  4:48  Roach  
  63  4:49  Overlord  
  65  4:52  Glial Reconstitution  
  65  4:57  Overlord  
  65  5:01  Overlord  
  65  5:10  Overlord  
  65  5:17  Drone x6  
  65  5:18  Drone x2  
  73  5:21  Drone x2  
  72  5:29  Drone  
  72  5:31  Drone x3  
  72  5:35  Infestation Pit  
  75  5:37  Overseer  
  73  5:47  Drone x2  
  72  5:51  Drone x4  
  72  5:54  Overlord  
  76  5:58  Overlord  
  76  6:03  Queen  
  78  6:05  Overlord x2  
  78  6:08  Overlord  
  78  6:16  Swarm Host  
  78  6:17  Swarm Host x6  
  99  6:22  Drone  
  99  6:23  Extractor, Drone  
  99  6:24  Drone x2  
  102  6:33  Overlord  
  102  6:34  Zerg Melee Weapons Level 1, Drone x2  
  102  6:38  Roach x2  
  102  6:39  Overlord  
  108  6:42  Roach x2  
  108  6:43  Overlord  
  112  6:49  Roach x2  
  112  6:50  Overlord  
  116  6:55  Zergling x6  
  119  7:02  Hatchery  
  119  7:03  Zergling x6  
  119  7:08  Zergling x6  
  122  7:09  Zergling x2  
  122  7:13  Overlord  
  125  7:17  Ravager x3  
  125  7:18  Ravager  
  125  7:19  Roach  
  125  7:20  Zergling x2  
  131  7:24  Roach x2  
  131  7:25  Roach  
  131  7:27  Zergling x8  
  135  7:32  Zergling x4  
  135  7:35  Roach x3  
  127  7:40  Roach  
  127  7:41  Roach x2  
  122  7:47  Roach  
  120  7:52  Zergling x4  
  120  7:58  Roach x4  
  128  8:03  Roach x3  
  128  8:04  Roach  
  131  8:09  Roach x2  
  132  8:19  Roach x2  
  131  8:21  Roach  
  131  8:23  Roach  
  131  8:24  Roach x3  
  131  8:26  Zergling x2  
  136  8:28  Zergling x2  
  136  8:31  Zergling x2  
  137  8:37  Zergling x2  
  134  8:42  Zergling x2  
  134  8:47  Zergling x2  
  135  8:49  Roach  
  135  8:52  Zergling x2  
  138  8:59  Hatchery  
  138  9:02  Drone  
  137  9:07  Zergling x4  
  137  9:09  Zergling x2  
  140  9:13  Zergling x2  
  141  9:18  Zergling x4  
  143  9:24  Zergling x2  
  143  9:25  Ravager x4  
  143  9:26  Ravager  
  143  9:27  Hatchery  
  143  9:28  Zergling x2  
  146  9:42  Roach  
  146  9:43  Zergling x4  
  146  9:45  Roach x2  
  135  9:46  Roach  
  135  9:52  Zergling x4  
  131  10:00  Zergling x2  
  125  10:09  Zergling x2  
  121  10:20  Zergling x2  
  103  10:33  Zergling x4  
  94  10:36  Overseer  
  85  10:47  Drone x2  
  84  10:54  Ravager x3  
  84  10:55  Ravager x5  
  92  10:57  Drone  
  92  10:58  Drone  
  92  11:03  Drone x2  
  96  11:10  Drone x2  
  98  11:12  Drone x2  
  98  11:17  Zergling x4  
  102  11:20  Drone x2  
  102  11:21  Drone  
  102  11:23  Zergling x2  
  106  11:28  Ravager  
  106  11:29  Zergling x4, Ravager  
  106  11:31  Drone  
  111  11:35  Zergling x4  
  113  11:47  Roach x2  
  114  11:56  Drone x4  
  114  11:57  Drone x2  
  120  12:02  Zergling x4  
  120  12:05  Zergling x4  
  124  12:08  Roach  
  124  12:09  Roach x3  
  124  12:13  Zergling x2  
  124  12:14  Zergling x2  
  133  12:19  Zergling x4  
  133  12:20  Zergling x4  
  136  12:23  Roach  
  136  12:27  Roach x2  
  131  12:31  Roach  
  131  12:33  Zergling x4  
  125  12:42  Drone x4  
  129  12:52  Zergling x2  
  129  12:56  Zergling x8  
  128  13:00  Roach x2  
  128  13:01  Roach  
  134  13:12  Roach  
Show
View Real Time Build Order
Export as new Build Order

MaNa Protoss - Winner!

Build Orders: 1 Gate Expand, Zealot Archon, Dark Templar Rush 

Get SALT Encoding   

  12  0:01  Probe (Chrono Boost)  
  13  0:11  Probe (Chrono Boost)  
  14  0:19  Pylon  
  14  0:22  Probe (Chrono Boost)  
  15  0:37  Probe (Chrono Boost)  
  15  0:38  Gateway  
  16  0:47  Probe (Chrono Boost)  
  16  0:49  Assimilator  
  17  0:58  Probe (Chrono Boost)  
  18  1:08  Probe (Chrono Boost)  
  19  1:24  Nexus  
  19  1:33  Cybernetics Core  
  19  1:36  Probe (Chrono Boost)  
  20  1:41  Assimilator  
  21  1:47  Probe (Chrono Boost)  
  21  1:53  Pylon  
  21  1:57  Probe (Chrono Boost)  
  22  2:08  Probe (Chrono Boost)  
  22  2:09  Warp Gate  
  22  2:10  Adept  
  24  2:20  Probe (Chrono Boost)  
  25  2:31  Mothership Core (Chrono Boost)  
  27  2:39  Probe (Chrono Boost)  
  28  2:49  Probe (Chrono Boost)  
  28  2:50  Probe (Chrono Boost)  
  30  2:53  Twilight Council  
  30  2:59  Probe (Chrono Boost)  
  30  3:01  Probe (Chrono Boost)  
  32  3:10  Robotics Facility, Probe (Chrono Boost)  
  32  3:11  Probe (Chrono Boost)  
  34  3:20  Probe (Chrono Boost)  
  34  3:22  Probe (Chrono Boost)  
  36  3:31  Probe (Chrono Boost)  
  36  3:32  Probe (Chrono Boost)  
  38  3:34  Dark Shrine  
  38  3:41  Probe (Chrono Boost)  
  38  3:43  Probe (Chrono Boost)  
  40  3:52  Warp Prism  
  40  3:54  Gateway x2  
  40  3:56  Gateway  
  40  4:00  Probe x2 (Chrono Boost)  
  44  4:05  Assimilator  
  44  4:08  Assimilator  
  44  4:11  Pylon  
  44  4:13  Probe (Chrono Boost)  
  44  4:14  Probe (Chrono Boost)  
  46  4:23  Pylon  
  46  4:29  Probe (Chrono Boost)  
  46  4:30  Probe (Chrono Boost)  
  46  4:31  Stalker  
  50  4:39  Probe (Chrono Boost)  
  50  4:41  Probe (Chrono Boost)  
  52  4:46  Nexus  
  52  4:59  Dark Templar  
  54  5:00  Dark Templar x2  
  54  5:02  Dark Templar  
  60  5:12  Probe x2 (Chrono Boost)  
  60  5:16  Observer  
  60  5:18  Pylon  
  61  5:21  Archon  
  61  5:33  Probe x2 (Chrono Boost), Immortal  
  63  5:43  Probe (Chrono Boost)  
  64  5:50  Sentry x3  
  64  5:55  Pylon  
  70  5:58  Pylon, Forge  
  70  5:59  Pylon, Probe (Chrono Boost)  
  70  6:01  Probe x2 (Chrono Boost)  
  73  6:07  Immortal  
  73  6:11  Resonating Glaives  
  73  6:15  Probe x2 (Chrono Boost)  
  73  6:16  Probe (Chrono Boost)  
  73  6:17  Protoss Ground Weapons Level 1  
  80  6:21  Adept  
  80  6:22  Adept x3  
  88  6:32  Gateway  
  88  6:33  Gateway  
  88  6:44  Adept x2, Sentry x2  
  96  6:49  Gateway  
  96  6:52  Gateway  
  96  7:05  Probe x3 (Chrono Boost)  
  96  7:07  Pylon, Adept x4  
  107  7:09  Pylon  
  105  7:29  Adept x4  
  95  7:51  Adept x4  
  95  7:52  Adept x2  
  95  7:55  Immortal  
  101  8:13  Adept x3  
  101  8:14  Adept x3  
  105  8:23  Assimilator  
  105  8:25  Assimilator  
  105  8:29  Immortal  
  105  8:43  Probe (Chrono Boost)  
  99  8:49  Adept x6, Probe (Chrono Boost)  
  103  9:03  Immortal  
  103  9:05  Probe x2 (Chrono Boost)  
  109  9:10  Adept x3  
  109  9:11  Adept x5  
  109  9:16  Pylon  
  125  9:17  Pylon  
  125  9:19  Pylon  
  121  9:43  Immortal  
  90  9:55  Adept x5  
  90  9:56  Adept  
  98  10:07  Adept x2  
  87  10:23  Dark Templar x5  
  87  10:24  Dark Templar  
  67  10:46  Dark Templar  
  67  10:47  Dark Templar x3  
  67  10:48  Immortal  
  75  10:51  Assimilator, Archon x2  
  75  10:52  Archon x2  
  79  10:58  Pylon  
  79  11:03  Probe x3 (Chrono Boost)  
  81  11:15  Adept x4  
  88  11:19  Adept x4  
  88  11:24  Observer  
  97  11:37  Nexus  
  97  11:40  Pylon  
  97  11:52  Sentry x2  
  97  11:53  Adept x5  
  111  11:58  Immortal  
  109  12:32  Immortal  
  95  12:51  Dark Templar x4  
  101  12:59  Archon x2  
  105  13:17  Adept x3  
  108  13:24  Adept x5  

Tags
 
Add a new tag
Caveats
  • Supply blocks, unpowered buildings, or Contaminate may cause inaccurate times.
  • Supply counts are checked every 10 seconds.